AoeStats
← koole

Baltic

513463580Analyzed
3v3 RM · 6d ago on Oct 13, 2026· 23m 40s· 6 players
Game mode
Random Map
Map size
Normal (6 player)
Population
200
Speed
Normal
Resources
Standard
Victory
Conquest
Starting age
Dark Age
Ending age
Imperial Age
RankedLock teamsTeams togetherTeam positionsShared explorationLock speedFull tech treeHidden civsTurbo modeCheats
Victory
Defeat
🇳🇱 Byzantines · Netherlands
1367
+15
🇳🇱 Armenians · Netherlands
1326
+17
🇳🇱 Danes · Netherlands
1223
+22
vs
🇭🇺 Armenians · Hungary
1365
-19
🇭🇺 Vietnamese · Hungary
1353
-18
🇭🇺 Dravidians · Hungary
1320
-17
violachaos
10:46 Feudal Age
11:41 Double-Bit Axe
12:49 Loom
16:29 Fletching
21:30 Horse Collar
koole
6:13 Loom
11:35 Feudal Age
12:17 Town Watch
12:20 Double-Bit Axe
14:37 Fletching
19:52 Castle Age
20:47 Medium Warships
21:02 Bodkin Arrow
22:10 Wheelbarrow
22:01 Horse Collar
Leto_DavE
4:10 Loom
12:07 Feudal Age
12:34 Double-Bit Axe
13:26 Fletching
17:00 Wheelbarrow
18:12 Gold Mining
20:54 Castle Age
22:10 Bow Saw
[Snats] Carried_Sjoerd
11:07 Feudal Age
15:32 Castle Age
14:15 Double-Bit Axe
14:25 Gold Mining
14:49 Fletching
15:36 Fishing Lines
16:19 Bodkin Arrow
18:10 Bow Saw
18:20 Padded Archer Armor
19:02 Gillnets
20:03 Loom
22:00 Horse Collar
23:26 Wheelbarrow
24:00 Stone Mining
24:46 Gold Shaft Mining
[Snats] Sjoerd&Naat Carrier
10:39 Feudal Age
11:58 Double-Bit Axe
22:48 Castle Age
21:36 Gold Mining
22:28 Fishing Lines
23:25 Gillnets
23:52 Bow Saw
[Snats] Naat&Sjoerd Carrier
5:38 Loom
11:22 Feudal Age
12:14 Double-Bit Axe
17:37 Castle Age
18:30 Medium Warships
18:34 Bow Saw
Connection lost

Rejoining the realm…

Still unreachable

The connection could not be restored.

Session expired

The server has moved on; the page needs a fresh start.